AoeStats
← SVEDESE

Arena

504497877Analyzed
3v3 RM · 27d ago on Sep 5, 2026· 65m 46s· 6 players
Game mode
Random Map
Map size
Normal (6 player)
Population
200
Speed
Normal
Resources
Standard
Victory
Conquest
Starting age
Dark Age
Ending age
Imperial Age
RankedLock teamsTeams togetherTeam positionsShared explorationLock speedFull tech treeHidden civsTurbo modeCheats
Victory
Defeat
🇨🇱 Cumans · Chile
696
+10
🇨🇱 Romans · Chile
695
+10
🇺🇸 Maya · United States
425
+21
🇫🇷 Koreans · France
660
-18
🇮🇹 Turks · Italy
549
-13
🇮🇹 Magyars · Italy
456
-10
Maranga45
11:44 Feudal Age
12:30 Double-Bit Axe
13:10 Gold Mining
13:32 Horse Collar
23:47 Castle Age
25:32 Wheelbarrow
31:10 Gold Shaft Mining
31:54 Stone Mining
32:45 Bow Saw
32:41 Heavy Plow
38:16 Hand Cart
44:05 Imperial Age
41:58 Scale Mail Armor
42:04 Scale Barding Armor
42:00 Padded Archer Armor
41:50 Fletching
42:52 Corvinian Army
48:41 Elite Magyar Huszar
54:58 Crop Rotation
58:01 Two-Man Saw
61:46 Chain Mail Armor
61:51 Chain Barding Armor
61:47 Leather Archer Armor
61:27 Bodkin Arrow
Sandroudrou
0:33 Loom
11:12 Feudal Age
12:30 Wheelbarrow
11:41 Town Watch
11:38 Horse Collar
12:03 Double-Bit Axe
12:42 Gold Mining
13:03 Stone Mining
21:39 Castle Age
20:29 Forging
20:20 Scale Mail Armor
19:52 Man-at-Arms
21:06 Fletching
21:31 Scale Barding Armor
21:36 Arson
24:00 Hand Cart
24:55 Stone Shaft Mining
25:24 Long Swordsman
30:06 Town Patrol
30:12 Town Patrol
40:07 Bow Saw
44:02 Heavy Plow
46:42 Gold Shaft Mining
46:28 Gambesons
46:16 Pikeman
46:19 Elite Skirmisher
48:36 Husbandry
47:58 Light Cavalry
49:31 Squires
54:41 Crossbowman
56:55 Squires
60:12 Thumb Ring
SVEDESE
9:33 Feudal Age
10:29 Double-Bit Axe
10:38 Gold Mining
17:54 Wheelbarrow
17:23 Horse Collar
25:53 Castle Age
23:23 Man-at-Arms
27:20 Heavy Plow
27:59 Gold Shaft Mining
26:49 Long Swordsman
27:22 Fletching
27:43 Forging
26:55 Crossbowman
29:16 Thumb Ring
31:19 Bodkin Arrow
31:27 Padded Archer Armor
33:00 Scale Mail Armor
33:18 Leather Archer Armor
33:59 Chain Mail Armor
34:21 Iron Casting
35:55 Squires
40:37 Hand Cart
46:25 Imperial Age
46:31 Sipahi
49:06 Two-Handed Swordsman
53:55 Ballistics
58:35 Masonry
58:55 Fortified Wall
FROSTY L3M0N
13:01 Feudal Age
15:17 Double-Bit Axe
19:13 Horse Collar
20:40 Wheelbarrow
22:55 Castle Age
24:36 Squires
25:48 Forging
25:39 Scale Mail Armor
25:40 Padded Archer Armor
26:57 Thumb Ring
26:45 Fletching
28:55 Bow Saw
28:29 Crossbowman
29:35 Bodkin Arrow
30:43 Stone Mining
30:44 Gold Mining
33:30 Caravan
34:24 Ballistics
36:36 Fortified Wall
36:08 Treadmill Crane
36:24 Guard Tower
42:00 Imperial Age
40:38 Murder Holes
42:23 Leather Archer Armor
42:28 Arbalester
43:37 Masonry
47:37 Capped Ram
50:22 Siege Ram
51:07 Bracer
53:55 Architecture
54:27 Chemistry
52:58 Elite Skirmisher
54:19 Conscription
59:01 Ring Archer Armor
58:53 Heated Shot
59:40 Keep
61:19 Hoardings
64:35 Elite Plumed Archer
ReeeeviL25
12:26 Loom
14:13 Feudal Age
17:34 Horse Collar
17:53 Double-Bit Axe
19:00 Wheelbarrow
19:43 Man-at-Arms
20:38 Forging
20:29 Scale Mail Armor
20:27 Town Watch
22:36 Gold Mining
22:41 Stone Mining
26:53 Castle Age
26:04 Scale Barding Armor
25:51 Fletching
29:08 Squires
29:29 Chain Mail Armor
29:50 Iron Casting
29:29 Light Cavalry
30:10 Husbandry
30:44 Bloodlines
31:10 Chain Barding Armor
30:17 Long Swordsman
31:48 Bow Saw
32:06 Hand Cart
33:33 Fortified Wall
33:59 Fervor
33:55 Devotion
39:57 Imperial Age
38:16 Gold Mining
40:02 Ballistics
40:39 Legionary
42:29 Blast Furnace
44:17 Conscription
49:33 Plate Barding Armor
51:39 Comitatenses
54:52 Bodkin Arrow
61:23 Faith
61:21 Block Printing
62:49 Elite Centurion
ReeeeviL
10:20 Loom
12:25 Feudal Age
14:54 Horse Collar
16:06 Double-Bit Axe
19:45 Wheelbarrow
19:03 Town Watch
19:35 Forging
21:19 Scale Mail Armor
21:44 Man-at-Arms
26:58 Castle Age
28:40 Bloodlines
28:40 Scale Barding Armor
30:06 Stone Mining
30:22 Heavy Plow
30:35 Bow Saw
34:29 Wheelbarrow
35:21 Town Patrol
35:58 Gold Mining
37:04 Hand Cart
37:51 Chain Barding Armor
37:33 Capped Ram
40:41 Iron Casting
45:16 Gold Shaft Mining
48:20 Ballistics
47:53 Fletching
48:05 Padded Archer Armor
49:55 Leather Archer Armor
49:35 Bodkin Arrow
50:05 Steppe Husbandry
53:39 Imperial Age
53:44 Elite Kipchak
54:58 Conscription
55:43 Chemistry
55:19 Crop Rotation
56:14 Hoardings
56:33 Ring Archer Armor
57:44 Siege Ram
59:32 Blast Furnace
58:01 Elite Steppe Lancer
60:07 Plate Barding Armor
65:30 Cuman Mercenaries
Connection lost

Rejoining the realm…

Still unreachable

The connection could not be restored.

Session expired

The server has moved on; the page needs a fresh start.